Unix xNetHack Version 7.1.0 - last build Jul 4 2022 02:09:00 (ec8469f2eb63cac24863ec985b09651f3a72bf9f). Game began 2022-07-04 04:13:00, ended 2022-07-04 04:27:12. nmlkj, chaotic male human Wizard -- --- .| --- ---.|.-------- ..--..| -.............---#......- -- --.... ................. -.----.... ..........(... ..|..... ........... ...... ........ --....- --.....- |.....| |......| --.....---------......---- | ----- |.........--.|...(.......--- .| |... |.|.--- |...............`............- -.....<..---..............-............- --.....)..*.)......*.[..*........@.....| -----..---.>.................--.......- |..| ----................--........... ---- --.......---............-- ........| |.....--- ------...|..-- ......| ---.--- ------- -- .| --- -- Nmlkj the Conjurer St:11 Dx:11 Co:9 In:18 Wi:15 Ch:13 Chaotic S:847 Dlvl:5 $:25 HP:0(38) Pw:43(43) AC:9 Xp:4/153 T:1327 FoodPois Latest messages: In what direction? l The spell hits the hobbit! You kill the hobbit! There are several objects here. There is a gnome corpse here; eat it? [ynq] (n) y This gnome corpse tastes okay. You finish eating the gnome corpse. There is a gnome corpse here; eat it? [ynq] (n) y This gnome corpse tastes okay. You stop eating the gnome corpse. In what direction? l The spell hits the dwarf! You kill the dwarf! The spell hits the gnome! You kill the gnome! There is a partly eaten gnome corpse here; eat it? [ynq] (n) y You resume your meal. You finish eating the gnome corpse. There is a gnome lord corpse here; eat it? [ynq] (n) y This gnome lord corpse tastes okay. You finish eating the gnome lord corpse. You see here a dagger. v - a dagger {10}. w - 2 tripe rations {20}. x - a candle {2}. You see here a black gem. Really step into that bear trap? [yn] (n) n You see here a black gem. y - a scroll labeled FOOBIE BLETCH {5}. z - 5 daggers {50}. A - a copper dagger {10}. B - a pair of mithril hard shoes {31}. You see here a yellow gem. There are many objects here. C - a broad pick {120}. There is a dwarf corpse here; eat it? [ynq] (n) y This dwarf corpse tastes terrible! You finish eating the dwarf corpse. D - an orange gem {1}. E - a red gem {1}. F - a white gem {1}. You have a little trouble lifting 9 rocks. Continue? [ynq] (q) n There is a gnome corpse here; eat it? [ynq] (n) y Ulch - that meat was tainted! You feel deathly sick. (It must have died too long ago to be safe to eat.) Your sickness feels worse. Your sickness is severe. You are at Death's door. You die from your illness. Major events: Turn 1: nmlkj the chaotic male human Wizard entered the dungeon 774: attained the rank of Conjurer (level 3) 1176: entered the Gnomish Mines 1327: poisoned by a rotted gnome corpse Inventory: Inventory: 499/550 weight (23/52 slots) Coins $ - 25 gold pieces {1} Weapons k - 4 +4 darts {4} i - 9 +0 darts {9} v - a +0 dagger {10} A - a +0 copper dagger {10} z - 5 cursed -2 daggers {50} C - a +0 dwarvish mattock {120} a - a blessed +1 quarterstaff {40} Armor B - an uncursed +0 pair of mithril dwarvish boots {31} t - an uncursed +1 plastic alchemy smock with text "I am an alchemist; if you see me running, try to catch up..." {20} b - an uncursed +0 cloak of magic resistance (being worn) {8} Comestibles w - 2 uncursed tripe rations {20} Scrolls y - a blessed scroll of fire {5} h - an uncursed scroll of punishment {5} u - an uncursed scroll of remove curse {5} Spellbooks f - an uncursed spellbook of clairvoyance {40} c - a blessed spellbook of force bolt {35} e - an uncursed spellbook of knock {35} d - a blessed spellbook of magic missile {40} Wands g - a wand of probing (0:8) {7} Tools x - an uncursed wax candle {2} Gems/Stones D - an uncursed worthless piece of orange glass {1} E - an uncursed worthless piece of red glass {1} F - an uncursed worthless piece of white glass {1} Nmlkj the Wizard's attributes: Background: You were a Conjurer, a level 4 male human Wizard. You were chaotic, on a mission for Anhur who was opposed by Ptah (lawful) and Thoth (neutral). You were heterosexual. You were in the Gnomish Mines, on level 5. You entered the dungeon 1327 turns ago. It was nighttime. You had 153 experience points, 7 more were needed to attain level 5. Your score was 847 before end-of-game adjustments. Basics: You had 0 out of 38 hit points. You had all 43 energy points (spell power). Your armor class was 9. Your wallet contained 25 zorkmids. Autopickup was on for '$"?+!=/' plus thrown. Final Characteristics: Your strength was 11 (limit:18/100). Your dexterity was 11 (limit:18). Your constitution was 9 (limit:18). Your intelligence was 18 (limit:18). Your wisdom was 15 (limit:18). Your charisma was 13 (limit:18). Final Status: You died from food poisoning. You were not hungry. You were unencumbered. You were bare handed. You were unskilled in bare handed combat. Final Attributes: You were devoutly aligned. You were magic-protected. You were warded. You are dead. Miscellaneous: You never encountered a bones level. Total elapsed playing time was 14 minutes and 12 seconds. Vanquished creatures: a gnome leader 2 dwarves a hobbit a large kobold a giant rat 9 gnomes a gnome zombie 2 geckos 5 jackals a fox a kobold a goblin 2 sewer rats 3 grid bugs 3 lichens a kobold zombie 3 newts 38 creatures vanquished. No species were genocided or became extinct. Voluntary challenges: You read items or engraved 1 time. You never genocided any monsters. You never polymorphed an object. You never changed form. You never touched an artifact. You used no wishes. You never owned a pet. You never scared an enemy with impunity. You were celibate. You never generated conflict. Achievements: You entered a shop. You attained the rank of Conjurer. You entered the Gnomish Mines. The Dungeons of Doom: levels 1 to 4 Level 1: Level 2: A potion shop. Level 3: An armor shop, an altar, some fountains. Level 4: A weapon shop, a fountain. Stairs down to The Gnomish Mines. The Gnomish Mines: Level 5: <- You were here. Final resting place for you, poisoned by a rotted gnome corpse. Game over: __________ / \ / REST \ / IN \ / PEACE \ / \ | nmlkj | | 25 Au | | poisoned by a | | rotted gnome | | corpse | | | | 2022 | *| * * * | * _________)/\\_//(\/(/\)/\//\/|_)_______ Goodbye nmlkj the Wizard... You were poisoned in The Gnomish Mines on dungeon level 5 with 845 points, and 25 pieces of gold, after 1327 moves. You were level 4 with a maximum of 38 hit points when you were poisoned.